 Dungeon Crawl Stone Soup version 0.14-a0-1739-g6c2808e (webtiles) character file.

7096 HollowCharge the Carver (level 10, -1/83 HPs)
             Began as a Demigod Warper on Jan 3, 2014.
             Killed from afar by a centaur (10 damage)
             ... with a wand of cold
             ... on Level 11 of the Dungeon.
             The game lasted 01:33:35 (13945 turns).

HollowCharge the Carver (Demigod Warper)           Turns: 13945, Time: 01:33:35

HP  -1/83        AC  9     Str 18      XL: 10   Next: 42%
MP  27/27        EV 16     Int 19      God:
Gold 591         SH  0     Dex 21      Spells:  6 memorised,  9 levels left

rFire  . . .     SeeInvis .     h - +1,+2 elf long sword (elec)
rCold  . . .     Clarity  .     t - +2 orc leather armour
rNeg   . . .     Conserve .     (no shield)
rPois  .         rCorr    .     b - +0 dwarf helmet
rElec  .         rRot     .     m - +0 cloak
SustAb . .       Spirit   .     e - +0 pair of gloves (curse)
rMut   .         Warding  .     o - +0 pair of boots
Saprov . . .     Stasis   .     (no amulet)
                                I - +1 ring of strength
                                n - cursed +3 ring of dexterity

@: somewhat resistant to hostile enchantments, unstealthy
A: no striking features
a: no special abilities


You were on level 11 of the Dungeon.
You were hungry.

You visited 1 branch of the dungeon, and saw 11 of its levels.

You collected 591 gold pieces.

Inventory:

Hand weapons
 d - a +0,+0 long sword
 h - a +1,+2 elven long sword of electrocution (weapon)
 y - a +2,+0 long sword
Missiles
 f - 5 darts of dispersal
 z - 18 stones (quivered)
 O - a tomahawk
Armour
 b - a +0 dwarven helmet (worn)
 e - a cursed +0 pair of gloves (worn)
 m - a +0 cloak (worn)
 o - a +0 pair of boots (worn)
 t - a +2 orcish leather armour (worn)
 w - a +0 troll hide
 P - a +2 orcish chain mail
Magical devices
 s - a wand of flame (9)
 v - a wand of invisibility (0)
 C - a wand of enslavement (18)
 E - a wand of fire (0)
 M - a wand of paralysis (3)
Comestibles
 g - 7 bread rations
 u - a royal jelly
 B - a slice of pizza
 D - a beef jerky
 F - 2 chokos
 G - 3 rotting chunks of orc flesh
 H - 3 sausages
 J - 3 apples
 Q - a meat ration
Scrolls
 r - 4 scrolls of remove curse
 A - a scroll of fear
 K - 2 scrolls of identify
Jewellery
 a - an uncursed ring of fire
 n - a cursed +3 ring of dexterity (left hand)
 I - a +1 ring of strength (right hand)
Potions
 i - 3 potions of restore abilities
 j - 3 potions of speed
 l - a potion of curing
 p - a potion of resistance
 x - a potion of invisibility {unknown}
Books
 c - a book of Spatial Translocations

   Spells                             Type                      Level
   *Apportation                       Translocation                1
   *Portal Projectile                 Translocation                2
   *Blink                             Translocation                2
   *Shroud of Golubria                Charms/Translocation         2
   *Teleport Other                    Translocation                3
   Passage of Golubria                Translocation                4
 q - a book of Fire

   Spells                             Type                      Level
   *Fire Brand                        Charms/Fire                  2
   Ignite Poison                      Fire/Transmutation           5
   Fireball                           Conjuration/Fire             5
   Bolt of Fire                       Conjuration/Fire             6
   Delayed Fireball                   Conjuration/Fire             7
   Ring of Flames                     Charms/Fire                  7
Miscellaneous
 L - a fan of gales


   Skills:
 - Level 6.0 Fighting
 + Level 10.8 Long Blades
 - Level 0.8 Throwing
 - Level 1.2 Armour
 - Level 6.0 Dodging
 + Level 6.2 Spellcasting
 - Level 2.6 Translocations


You had 9 spell levels left.
You knew the following spells:

 Your Spells              Type           Power        Failure   Level  Hunger
a - Apportation           Tloc           ###.......   4%          1    None
b - Blink                 Tloc           N/A          8%          2    None
c - Shroud of Golubria    Chrm/Tloc      ##........   12%         2    None
d - Portal Projectile     Tloc           ###...       8%          2    None
e - Teleport Other        Tloc           ###.....     12%         3    ##.....
f - Fire Brand            Chrm/Fire      #.........   17%         2    None


Dungeon Overview and Level Annotations

Branches:
Dungeon (11/16)            Temple (0/1) D:6
    Orc: D:9-12        Lair: D:8-11

Shops:
D:4 }/%

Portals:
Trove: D:10 (give 12 potions of heal wounds)

Annotations:
D:6 wojtek's ghost, experienced TeGl


Message History

You see here an arrow.
Your shroud begins to fray at the edges.
You start resting.
Your shroud unravels.
You feel better.
You start resting.
You hit the centaur.
The centaur is moderately wounded.
The centaur unwields an uncursed bow.
The centaur hits you but does no damage.
You hit the centaur but do no damage.
The centaur is moderately wounded.
The centaur zaps a wand.
The bolt of cold hits you!
* * * LOW HITPOINT WARNING * * *
The centaur misses you.
You hit the centaur.
The centaur is moderately wounded.
The centaur zaps a wand.
The bolt of cold hits you!
Your potion of flight freezes and shatters!
You die...

#.######## #........# #.######.#
#.####.#.# ########.#/...#.#
####........##.#.#.#
###########......##........#.###
#..............(c.........##....
#.............)@#.........''....
#...............#.........##....
#...................##...###....
#...................##..........
##.............>......(.....)....
#..............(####.####..()....
#...............####.########....
#.................##.............
############......%........ .####


You could see a centaur.

Vanquished Creatures
  A hill giant (D:11)
  A feature mimic (D:10)
  A two-headed ogre (D:9)
  A troll (D:10)
  A wyvern (D:6)
  A hippogriff (D:8)
  A manticore (D:10)
  A swamp drake (D:10)
  Edmund (D:9)
  A mottled dragon (D:10)
  4 orc warriors
  A sky beast (D:8)
  4 ice beasts
  3 phantoms
  7 ogres
  2 centaurs
  Duvessa (D:8)
  2 big kobolds
  2 water moccasins
  3 giant frogs
  A troll zombie (D:8)
  12 killer bees
  2 quasits
  Dowan (D:8)
  2 hippogriff skeletons
  5 hounds
  4 crimson imps
  A jelly (D:10)
  2 orc priests
  2 iguanas
  4 scorpions
  12 orc wizards
  8 worker ants
  A two-headed ogre skeleton (D:6)
  2 sheep (D:9)
  2 mummies
  10 adders
  A gnoll (D:8)
  2 giant mites
  A goliath beetle zombie (D:10)
  An inept feature mimic (D:3)
  11 worms
  2 adder zombies (D:8)
  An iguana skeleton (D:6)
  A giant eyeball (D:9)
  37 orcs
  A ball python (D:2)
  11 bats
  7 giant cockroaches
  13 hobgoblins
  8 jackals
  4 giant geckos
  A giant gecko skeleton (D:7)
  A giant gecko zombie (D:8)
  8 giant newts
  7 goblins
  37 kobolds
  A kobold skeleton (D:4)
  A kobold zombie (D:5)
  An orc skeleton (D:5)
  6 quokkas
  17 rats
291 creatures vanquished.

Vanquished Creatures (others)
  An orc priest (D:10)
1 creature vanquished.

Grand Total: 292 creatures vanquished

Notes
Turn   | Place    | Note
--------------------------------------------------------------
     0 | D:1      | HollowCharge, the Demigod Warper, began the quest for the Orb.
     0 | D:1      | Reached XP level 1. HP: 17/17 MP: 3/3
   360 | D:1      | Reached XP level 2. HP: 19/24 MP: 4/4
   858 | D:1      | Reached XP level 3. HP: 25/30 MP: 7/7
  1082 | D:2      | Learned a level 2 spell: Blink
  1085 | D:2      | Learned a level 2 spell: Shroud of Golubria
  1252 | D:2      | Reached skill level 3 in Fighting
  2054 | D:3      | Reached XP level 4. HP: 33/38 MP: 9/9
  3305 | D:4      | Noticed an ogre
  3503 | D:4      | Reached XP level 5. HP: 34/46 MP: 10/10
  3533 | D:4      | Learned a level 2 spell: Portal Projectile
  3779 | D:4      | Reached skill level 4 in Fighting
  3978 | D:4      | Found Shapetya's Food Shoppe.
  4162 | D:4      | Found Xueff's Gadget Shop.
  4267 | D:4      | Found Haot Dyrch's Magical Wand Emporium.
  4874 | D:5      | Entered Level 5 of the Dungeon
  4925 | D:5      | Found a radiant altar of Vehumet.
  4926 | D:5      | Found a white marble altar of Elyvilon.
  4931 | D:5      | Found a deep blue altar of Sif Muna.
  4965 | D:5      | Found a bloodstained altar of Trog.
  4968 | D:5      | Noticed a phantom
  4978 | D:5      | Reached XP level 6. HP: 43/53 MP: 13/13
  5132 | D:4      | Killed an ogre
  5485 | D:5      | Noticed an ogre
  5603 | D:5      | Reached skill level 5 in Fighting
  5660 | D:5      | Reached skill level 5 in Long Blades
  5750 | D:5      | Noticed an ogre
  5756 | D:5      | Killed an ogre
  5787 | D:5      | Killed a phantom
  5787 | D:5      | Reached XP level 7. HP: 34/61 MP: 15/15
  5990 | D:5      | Killed an ogre
  6225 | D:6      | Reached skill level 6 in Fighting
  6269 | D:6      | Noticed wojtek's ghost (experienced TeGl)
  6281 | D:6      | Reached skill level 1 in Armour
  6765 | D:6      | Noticed a wyvern
  6771 | D:6      | Killed a wyvern
  6771 | D:6      | Reached XP level 8. HP: 58/70 MP: 14/17
  6797 | D:6      | Found a staircase to the Ecumenical Temple.
  7127 | D:6      | Learned a level 3 spell: Teleport Other
  7346 | D:7      | Reached skill level 7 in Long Blades
  8808 | D:8      | Reached skill level 5 in Dodging
  8840 | D:8      | Reached skill level 8 in Long Blades
  9341 | D:8      | Noticed Dowan
  9343 | D:8      | Noticed Duvessa
  9352 | D:8      | Killed Duvessa
  9362 | D:8      | Killed Dowan
  9553 | D:8      | Reached XP level 9. HP: 47/75 MP: 18/18
 10698 | D:9      | Learned a level 2 spell: Fire Brand
 10835 | D:9      | Reached skill level 9 in Long Blades
 10966 | D:9      | Found a shattered altar of Ashenzari.
 10997 | D:9      | Noticed Edmund
 11005 | D:9      | Killed Edmund
 11138 | D:9      | Noticed a cyclops
 11531 | D:9      | Found a glowing golden altar of the Shining One.
 11601 | D:10     | Entered Level 10 of the Dungeon
 12235 | D:10     | Found a portal to a secret trove of treasure.
 12730 | D:10     | Reached skill level 10 in Long Blades
 12733 | D:10     | Reached XP level 10. HP: 56/83 MP: 23/25
 12952 | D:10     | Found a staircase to the Orcish Mines.
 12965 | D:10     | Reached skill level 5 in Spellcasting
 12976 | D:10     | the staircase to the Orcish Mines was a mimic.
 13477 | D:11     | Noticed a hill giant
 13501 | D:11     | Killed a hill giant
 13945 | D:11     | Killed from afar by a centaur

Action                   |  1- 3 |  4- 6 |  7- 9 | 10-12 || total
-------------------------+-------+-------+-------+-------++-------
Melee: Falchion          |   191 |    33 |       |       ||   224
       Long sword        |       |   143 |   452 |   160 ||   755
Throw: Dart              |       |     2 |     3 |       ||     5
       Stone             |       |       |    18 |       ||    18
 Cast: Blink             |     3 |     3 |     7 |     1 ||    14
       Portal Projectile |       |       |    21 |       ||    21
       Apportation       |       |       |     1 |       ||     1
       Teleport Other    |       |       |     6 |       ||     6
       Shroud of Golubri |       |       |     5 |     2 ||     7
Evoke: Wand              |       |       |     8 |     3 ||    11
  Use: Scroll            |     4 |    10 |    11 |     4 ||    29
       Potion            |       |     1 |     3 |     5 ||     9
